 Dungeon Crawl Stone Soup version 0.28-a0-1374-ga75cb3825e (webtiles) character file.

Game seed: 7398743426488469965

11610 Teslajakalope the Fighter (level 11, 0/111 HPs)
             Began as a Minotaur Fighter on Dec 31, 2021.
             Was a High Priest of Trog.
             Slain by a cane toad (19 damage)
             ... on level 1 of the Lair of Beasts.
             The game lasted 00:45:00 (11028 turns).

Teslajakalope the Fighter (Minotaur Fighter)       Turns: 11028, Time: 00:45:00

Health: 0/111      AC: 11    Str: 25    XL:     11   Next: 51%
Magic:  10/10      EV: 10    Int:  5    God:    Trog [*****.]
Gold:   394        SH:  6    Dex: 10    Spells: 10/10 levels left

rFire   + . .      SeeInvis .   b - +2 war axe (freeze)
rCold   . . .      Faith    .   c - +0 buckler
rNeg    + . .      Spirit   .   A - +4 ring mail {rN+}
rPois   .          Reflect  .   (helmet restricted)
rElec   .          Harm     .   (no cloak)
rCorr   .          Rampage  .   e - +0 pair of gloves
Will    .....                   (no boots)
Stlth   ..........              g - amulet of regeneration
HPRegen 1.08/turn               n - +4 ring of slaying
MPRegen 0.12/turn               v - ring of protection from fire

@: no status effects
A: horns 2, retaliatory headbutt
a: Renounce Religion, Berserk, Trog's Hand, Brothers in Arms


You were on level 1 of the Lair of Beasts.
You worshipped Trog.
Trog was extremely pleased with you.
You visited 2 branches of the dungeon, and saw 9 of its levels.
You also visited: Sewer and Bailey.

You collected 504 gold pieces.
You spent 110 gold pieces at shops.

Inventory:

Hand Weapons
 b - a +2 war axe of freezing (weapon)
Missiles
 l - 335 stones
Armour
 c - a +0 buckler (worn)
 e - a +0 pair of gloves (worn)
 A - a +4 ring mail of positive energy (worn)
Jewellery
 g - an amulet of regeneration (around neck)
 i - a ring of poison resistance
 n - a +4 ring of slaying (left hand)
 o - a +6 ring of strength
 v - a ring of protection from fire (right hand)
 B - a +4 ring of protection
Wands
 r - a wand of flame (7) (quivered)
 s - a wand of paralysis (21)
 C - a wand of iceblast (5)
Scrolls
 a - a scroll of identify
 h - a scroll of holy word
 q - 3 scrolls of teleportation
 u - 2 scrolls of fear
 w - 2 scrolls of magic mapping
 y - a scroll of summoning
 E - 3 scrolls of enchant armour
 F - a scroll of acquirement
 G - a scroll of amnesia {unknown}
Potions
 d - 3 potions of might
 f - 5 potions of flight
 j - 3 potions of haste
 k - a potion of resistance {unknown}
 m - 5 potions of heal wounds
 p - 2 potions of mutation
 t - a potion of brilliance {unknown}
 x - a potion of attraction {unknown}
 z - 3 potions of lignification {unknown}
 D - 2 potions of ambrosia {unknown}


   Skills:
 + Level 14.4 Fighting
 + Level 14.2 Axes
 - Level 5.4 Armour
 - Level 9.0 Shields


You had 10 spell levels left.
You didn't know any spells.
Your spell library was empty.

Dungeon Overview and Level Annotations

Branches:
Dungeon (8/15)             Temple (0/1) D:7            Lair (1/6) D:8
  Sewer (visited)          Bailey (visited)

Altars:
Ashenzari
Cheibriados
Gozag
Kikubaaqudgha
Makhleb
Nemelex Xobeh
Trog
Uskayaw
Vehumet
Xom
Yredelemnul

Shops:
D:7 *

Annotations:
D:4 2 runed translucent doors, tonyyikes's ghost, novice OpTm


Innate Abilities, Weirdness & Mutations

You have a pair of horns on your head.
You reflexively headbutt those who attack you in melee.


Message History

You kill the cane toad!
Trog accepts your kill.
You hit the cane toad. You freeze the cane toad.
You feel sick. The cane toad stings you!
* * * LOW HITPOINT WARNING * * *
You slash the cane toad! You freeze the cane toad.
Your headbutt misses the cane toad.
The cane toad is almost dead.
You feel sick. The cane toad stings you!!
* * * LOW HITPOINT WARNING * * *
You slice the cane toad!!
The cane toad seems to slow down.
You freeze the cane toad.
You kill the cane toad!
Trog accepts your kill.
You feel sick.
You start resting.
You feel sick. x6
A cane toad comes into view.
You feel sick.
You are no longer poisoned.
You see here a cane toad corpse.
You start resting.
A cane toad is nearby!
You start resting.
A cane toad is nearby!
The cane toad gives a loud, deep croak!
You see here a cane toad corpse.
You completely miss the cane toad.
The cane toad stings you but does no damage.
You barely miss the cane toad.
You headbutt the cane toad, but do no damage.
The cane toad stings you.
* * * LOW HITPOINT WARNING * * *
You slash the cane toad! You freeze the cane toad.
Your headbutt misses the cane toad.
The cane toad is moderately wounded.
The cane toad stings you but does no damage.
You hit the cane toad. You freeze the cane toad. You headbutt the cane toad!
The cane toad is almost dead.
The cane toad stings you!!
You die...

..###....# #####
...##....###...# ##
..#.#†.#.#.†..##### .##
........#..#..#...##F.
...###.##..#####.. ..##
....#.####..#.##.##...###
....#. ##....#†#.......
.....# ###.....#†..#
...... .##....#.@F†#
..... .......†..#### ....
.............#
.......##.......# .......
####..... P..#P## ####.
#####


You could see a cane toad.

Vanquished Creatures
  An orc high priest (Bailey)
  Pikel (D:7)
  An orc knight (Bailey)
  10 cane toads (Lair:1)
  Maggie (D:8)
  A kobold demonologist (Bailey)
  2 komodo dragons (Lair:1)
  Grinder (D:4)
  A troll (D:7)
  Sigmund (D:6)
  A wyvern (Lair:1)
  7 yaks
  An acid dragon (D:7)
  2 water moccasins (Lair:1)
  10 orc warriors (Bailey)
  2 sky beasts
  A necrophage (D:5)
  3 ogres
  2 centaurs
  2 lemures (D:7)
  2 phantoms
  A kobold brigand (D:7)
  6 bullfrogs
  A wyvern zombie (D:8)
  2 scorpions (D:4)
  A water moccasin zombie (D:5)
  4 killer bees (D:8)
  4 wights (D:8)
  A howler monkey (D:6)
  An electric eel (Bailey)
  A bullfrog zombie (D:6)
  9 hounds
  4 orc priests
  9 jellies
  2 bullfrog skeletons
  An iguana (D:4)
  A gnoll shaman (D:8)
  4 orc wizards
  A scorpion zombie (D:5)
  Ijyb (D:4)
  A killer bee zombie (D:7)
  A hound skeleton (D:4)
  A howler monkey zombie (D:6)
  9 gnolls
  2 howler monkey skeletons
  7 adders
  3 white imps
  3 ufetubi
  2 adder skeletons (D:4)
  2 dart slugs
  2 worms (D:3)
  29 orcs
  2 bat zombies (D:6)
  15 endoplasms
  7 giant cockroaches
  17 goblins
  12 hobgoblins
  4 jackals (D:1)
  4 quokkas
  14 ball pythons
  7 bats
  7 frilled lizards
  24 kobolds
  10 rats
292 creatures vanquished.

Vanquished Creatures (others)
  8 plants (D:7)
8 creatures vanquished.

Grand Total: 300 creatures vanquished

Notes
Turn   | Place    | Note
-------+----------+-------------------------------------------
     0 | D:1      | Teslajakalope the Minotaur Fighter began the quest for the
                  | Orb.
     0 | D:1      | Reached XP level 1. HP: 19/19 MP: 0/0
   157 | D:1      | Reached XP level 2. HP: 27/27 MP: 1/1
   531 | D:1      | Reached XP level 3. HP: 33/33 MP: 2/2
  1002 | D:2      | Reached XP level 4. HP: 37/41 MP: 3/3
  1600 | D:3      | Found a hide-covered altar of Uskayaw.
  1651 | D:3      | Found a bloodstained altar of Trog.
  1652 | D:3      | Found a sparkling altar of Nemelex Xobeh.
  1654 | D:3      | Found a snail-covered altar of Cheibriados.
  1679 | D:3      | Became a worshipper of Trog the Wrathful
  2041 | D:3      | Found a radiant altar of Vehumet.
  2144 | D:3      | Reached XP level 5. HP: 47/47 MP: 4/4
  2183 | D:3      | Found a glowing drain.
  2206 | Sewer    | Entered a sewer
  2295 | Sewer    | Reached * piety under Trog
  2301 | Sewer    | Reached skill level 5 in Armour
  2301 | Sewer    | Reached skill level 5 in Shields
  2302 | Sewer    | Found a viscous altar of Jiyva.
  2312 | Sewer    | Reached skill level 5 in Fighting
  2377 | Sewer    | Reached XP level 6. HP: 56/56 MP: 5/5
  2876 | D:3      | Found a faded altar of an unknown god.
  3256 | D:4      | Found a basalt altar of Yredelemnul.
  3275 | D:4      | Noticed Grinder
  3645 | D:4      | Reached skill level 5 in Axes
  3645 | D:4      | Reached XP level 7. HP: 62/62 MP: 6/6
  3802 | D:4      | Killed Grinder
  4161 | D:4      | Found a large runed translucent door.
  4165 | D:4      | Found a large runed translucent door.
  4165 | D:4      | Noticed tonyyikes's ghost (novice OpTm)
  4227 | D:4      | Reached ** piety under Trog
  4338 | D:4      | Noticed Ijyb
  4347 | D:4      | Killed Ijyb
  4529 | D:4      | Found a basalt altar of Yredelemnul.
  4635 | D:4      | Found a large runed translucent door.
  4636 | D:4      | Found a large runed translucent door.
  5160 | D:3      | Found a sparkling altar of Nemelex Xobeh.
  5164 | D:3      | Found a snail-covered altar of Cheibriados.
  5164 | D:3      | Found a hide-covered altar of Uskayaw.
  5168 | D:3      | Found a bloodstained altar of Trog.
  5433 | D:3      | Found a radiant altar of Vehumet.
  5452 | D:3      | Found a faded altar of an unknown god.
  6630 | D:5      | Entered Level 5 of the Dungeon
  6637 | D:5      | Reached XP level 8. HP: 62/73 MP: 7/7
  6666 | D:5      | Identified the +2 hat of Circular Logic {MP+9 Int+2}
  6820 | D:5      | Found a broken altar of Ashenzari.
  7706 | D:6      | Found an opulent altar of Gozag.
  7725 | D:6      | Noticed Sigmund
  7840 | D:6      | Reached XP level 9. HP: 82/82 MP: 8/8
  7972 | D:6      | Found an ancient bone altar of Kikubaaqudgha.
  8069 | D:6      | Killed Sigmund
  8168 | D:6      | Found a burning altar of Makhleb.
  8250 | D:7      | Found a flagged portal.
  8269 | Bailey   | Entered a bailey
  8316 | Bailey   | Reached *** piety under Trog
  8361 | Bailey   | Noticed an orc high priest
  8367 | Bailey   | Noticed a smoke demon
  8371 | Bailey   | Killed an orc high priest
  8372 | Bailey   | Reached skill level 10 in Fighting
  8372 | Bailey   | Reached skill level 10 in Axes
  8474 | Bailey   | Found an iron altar of Okawaru.
  8474 | Bailey   | Noticed a kobold demonologist
  8483 | Bailey   | Noticed an orange demon
  8489 | Bailey   | Noticed a hellwing
  8489 | Bailey   | Killed a kobold demonologist
  8490 | Bailey   | Reached XP level 10. HP: 84/95 MP: 9/9
  8623 | Bailey   | Noticed an orc knight
  8692 | Bailey   | Killed an orc knight
  9187 | D:7      | Found a staircase to the Ecumenical Temple.
  9282 | D:7      | Noticed Pikel
  9295 | D:7      | Killed Pikel
  9479 | D:7      | Found Fajen's General Store.
  9493 | D:7      | Bought a scroll of magic mapping for 45 gold pieces
  9493 | D:7      | Bought a potion of heal wounds for 65 gold pieces
  9634 | D:7      | Reached **** piety under Trog
  9638 | D:7      | Paralysed by a kobold for 7 turns
  9962 | D:8      | Found a shimmering altar of Xom.
  9992 | D:8      | Found a staircase to the Lair.
 10039 | D:8      | Noticed Maggie
 10070 | D:8      | Killed Maggie
 10225 | D:8      | Acquired a +2 war axe of freezing
 10490 | Lair:1   | Entered Level 1 of the Lair of Beasts
 10604 | Lair:1   | Reached XP level 11. HP: 66/107 MP: 10/10
 10998 | Lair:1   | Reached ***** piety under Trog
 11028 | Lair:1   | Slain by a cane toad

Illustrated notes

Levels and vault maps discovered:
D:1:      lemuel_arrival_rhombus, layout_basic, minmay_tetromino_o4
D:2:      layout_loops_ring
D:3:      layout_loops_corners, nicolae_vehumet_radiance,
          grunt_temple_overflow_open, cheibrodos_sewer_entry_bend,
          hellmonk_ecumenical_altar_leap_of_faith, minmay_cut_off
D:4:      layout_gridville, mainiacjoe_overflow_24_doors,
          ebering_ghost_disaster_area, uniq_grinder, uniq_ijyb
D:5:      minmay_opposing_rooms, layout_basic, cheibrodos_ashenzari_chains
D:6:      layout_rooms, grunt_gozag_breadcrumbs,
          lemuel_zombie_altar_kikubaaqudgha, mainiacjoe_overflow_catwalk,
          uniq_sigmund
D:7:      kennysheep_kobold_camp, layout_loops_ring, minmay_temple_entry_tees,
          enter_bailey_2, serial_shops,
          nicolae_shop_temple_entry_statues_fountains, minmay_door_square,
          chequers_serial_rivers_small_a, uniq_pikel
D:8:      layout_rooms, old_standard_altar, dpeg_oklobed_lair, uniq_maggie
Lair:1:   layout_cave_pods, basic_altar, special_room, beast_lair_carwin_7

Skill      XL: |  1  2  3  4  5  6  7  8  9 10 11 |
---------------+----------------------------------+-----
Shields        | 4 5 7 8 9 |  9.0
Fighting       | 4 5 7 8 11 13 14 | 14.4
Armour         | 4 5 |  5.4
Axes           | 3 4 5 6 8 10 13 14 | 14.2

Action                   |  1- 3 |  4- 6 |  7- 9 | 10-12 || total
-------------------------+-------+-------+-------+-------++-------
Melee: War axe           |    69 |   116 |   195 |   200 ||   580
       Headbutt          |     8 |    22 |    47 |    44 ||   121
Throw: Stone             |       |       |     1 |     1 ||     2
Invok: Berserk           |       |     1 |     2 |     3 ||     6
       Trog's Hand       |       |       |     2 |       ||     2
Evoke: Wand              |       |       |       |     4 ||     4
  Use: Scroll            |       |     6 |       |     7 ||    13
Armor: Scale mail        |    42 |    37 |    63 |       ||   142
       Ring mail         |       |       |       |    63 ||    63
Dodge: Dodged            |    41 |    44 |    63 |    57 ||   205
Block: Buckler           |    21 |    21 |    58 |    43 ||   143

Table legend: (Time is in decaauts)
 A = Elapsed time spent in this place.
 B = Non-inter-level travel time spent in this place.
 C = Inter-level travel time spent in this place.
 D = Time resting spent in this place.
 E = Time spent auto-exploring this place.
 F = Levels seen in this place.
 G = Mean time per level.
                   A        B        C        D        E       F      G
               +--------+--------+--------+--------+--------+-----+--------+
         Total |  11185 |  10546 |    639 |    724 |   6840 |  11 | 1016.8 |
       Dungeon |   9605 |   8966 |    639 |    623 |   6110 |   8 | 1200.6 |
          Lair |    528 |    528 |      0 |     54 |    343 |   1 |  528.0 |
         Sewer |    354 |    354 |      0 |     11 |    138 |   1 |  354.0 |
        Bailey |    697 |    697 |      0 |     36 |    249 |   1 |  697.0 |
               +--------+--------+--------+--------+--------+-----+--------+

Top non-repeatable levels by time:
     D:3: 2280 daAuts
     D:4: 1892 daAuts
     D:2: 1441 daAuts
     D:7: 1020 daAuts
     D:5: 1001 daAuts
     D:1: 780 daAuts
  Bailey: 697 daAuts
     D:6: 620 daAuts
     D:8: 568 daAuts
  Lair:1: 528 daAuts
   Sewer: 354 daAuts
